 Dungeon Crawl Stone Soup version 0.17.0-28-g6e173f8 (webtiles) character file.

35 Gargoyl the Sneak (level 3, -6/24 HPs)
             Began as an Octopode Assassin on Nov 27, 2015.
             Mangled by Crazy Yiuf
             ... wielding a +3 quarterstaff of chaos
              (15 damage)
             ... on level 2 of the Dungeon.
             The game lasted 00:02:51 (1481 turns).

Gargoyl the Sneak (Octopode Assassin)               Turns: 1481, Time: 00:02:51

Health: -6/24      AC:  1    Str: 10    XL:     3   Next: 35%
Magic:  3/3        EV: 12    Int: 13    God:
Gold:   34         SH:  0    Dex: 14    Spells: 0 memorised, 2 levels left

rFire  . . .     SeeInvis .     j - +0 hand axe
rCold  . . .     Clarity  .     (no shield)
rNeg   . . .     SustAt   .     (helmet restricted)
rPois  .         Gourm    .     (no amulet)
rElec  .         Spirit   .     (no ring)
rCorr  .         Warding  .     (no ring)
rMut   .         Stasis   .     (no ring)
MR     .....                    (no ring)
Stlth  +++++.....               (no ring)
                                (no ring)
                                (no ring)
                                (no ring)

@: not resistant to hostile enchantments, quite stealthy
A: almost no armour, amphibious, 8 rings, constrict 8, camouflage 1, gelatinous
body 1
a: no special abilities


You were on level 2 of the Dungeon.
You were not hungry.

You visited 1 branch of the dungeon, and saw 2 of its levels.

You collected 34 gold pieces.

Inventory:

Hand Weapons
 a - a +2 dagger
 b - a +0 blowgun
 j - a +0 hand axe (weapon)
Missiles
 c - 16 poisoned needles
 d - 2 curare-tipped needles
 l - 5 javelins (quivered)
Wands
 m - a wand of fireball (5)
Scrolls
 g - 3 scrolls of fog {unknown}
 i - 3 scrolls of identify {unknown}
 k - 3 scrolls of enchant weapon {unknown}
 o - a scroll of noise {unknown}
Potions
 f - 3 potions of agility {unknown}
 h - a potion of cure mutation {unknown}
 n - a potion of might {unknown}
 p - 2 potions of curing {unknown}
Comestibles
 q - a slice of pizza


   Skills:
 + Level 2.0 Fighting
 + Level 2.2 Short Blades
 + Level 2.2 Throwing
 + Level 1.2 Dodging
 + Level 6.4 Stealth


You had 2 spell levels left.
You didn't know any spells.

Dungeon Overview and Level Annotations

Branches:
Dungeon (2/15)

Altars:
Elyvilon
Yredelemnul

Annotations:
D:2 Crazy Yiuf


Innate Abilities, Weirdness & Mutations

You cannot wear most types of armour.
You are amphibious.
You can wear up to eight rings at the same time.
You can use your tentacles to constrict eight enemies at once.
Your skin changes colour to match your surroundings (Stealth).
Your rubbery body absorbs attacks (AC +1).


Message History

Found a mace.
Crazy Yiuf the Enlightened comes into view.
He is wielding a quarterstaff of chaos.
Crazy Yiuf shouts!
Crazy Yiuf moves out of view.
You hit Crazy Yiuf. You grab Crazy Yiuf.
Crazy Yiuf is moderately wounded.
You constrict Crazy Yiuf, but do no damage.
Crazy Yiuf hits you with a quarterstaff of chaos!
Ouch! That really hurt!
You hit Crazy Yiuf but do no damage.
Crazy Yiuf is moderately wounded.
You constrict Crazy Yiuf.
Crazy Yiuf yells, "You!"
Crazy Yiuf closely misses you.
You hit Crazy Yiuf.
Crazy Yiuf is heavily wounded.
You constrict Crazy Yiuf.
Crazy Yiuf hits you with a quarterstaff of chaos!
Ouch! That really hurt!
You die...

#...###
#####..####.....#
#... ###...#
#....# #..#...#
.. ###.### ♣....♣
#.......# . #...#
♣♣...♣ #.........
###.# ♣♣.♣♣
#......... #.#
♣♣.♣ ### ♣.♣♣
♣♣.♣ ♣@♣♣ #g# ...
#...# #)..# #####


You could see Crazy Yiuf.

Vanquished Creatures
  An ooze (D:1)
  A worm (D:2)
  A ball python (D:1)
  A giant cockroach (D:2)
  5 goblins (D:1)
  3 hobgoblins
  4 jackals (D:1)
  A kobold (D:2)
  4 bats
  3 rats (D:1)
24 creatures vanquished.

Notes
Turn   | Place    | Note
--------------------------------------------------------------
     0 | D:1      | Gargoyl the Octopode Assassin began the quest for the Orb.
     0 | D:1      | Reached XP level 1. HP: 14/14 MP: 1/1
   462 | D:1      | Reached XP level 2. HP: 19/19 MP: 2/2
   595 | D:1      | Reached skill level 6 in Stealth
   796 | D:1      | Reached XP level 3. HP: 22/24 MP: 3/3
  1350 | D:2      | Found a white marble altar of Elyvilon.
  1409 | D:2      | Found a basalt altar of Yredelemnul.
  1476 | D:2      | Noticed Crazy Yiuf
  1481 | D:2      | Mangled by Crazy Yiuf

Action                   || total
-------------------------++-------
Melee: Dagger            ||    41
       Hand axe          ||    15
 Fire: Blowgun           ||     2
 Stab: Sleeping          ||     5
  Eat: Bread ration      ||     1
       Chunk             ||     1
